 Dungeon Crawl Stone Soup version 0.28-a0-1087-gf3fc490d9d (webtiles) character file.

Game seed: 8874236484839841203

63 ytrimaz the Insei (level 4, -2/28 HPs)
             Began as an Octopode Transmuter on Dec 10, 2021.
             Killed from afar by Sigmund (10 damage)
             ... with a magic dart
             ... on level 2 of the Dungeon.
             The game lasted 00:02:01 (2423 turns).

ytrimaz the Insei (Octopode Transmuter)             Turns: 2423, Time: 00:02:02

Health: -2/28      AC:  1    Str:  9    XL:     4   Next: 10%
Magic:  7/7        EV: 13    Int: 17    God:
Gold:   45         SH:  0    Dex: 12    Spells: 2/8 levels left

rFire   . . .      SeeInvis .     - Unarmed
rCold   . . .      Faith    .   (no shield)
rNeg    . . .      Spirit   .   (helmet restricted)
rPois   .          Reflect  .   (no amulet)
rElec   .          Harm     .   (no ring)
rCorr   .          Rampage  .   (no ring)
Will    .....                   (no ring)
Stlth   ++........              (no ring)
HPRegen 0.09/turn               (no ring)
MPRegen 0.10/turn               (no ring)
                                (no ring)
                                (no ring)

@: confused
A: almost no armour, amphibious, 8 rings, camouflage 1, gelatinous body 1,
(nimble swimmer 1), tentacles
a: no special abilities


You were on level 2 of the Dungeon.
You visited 1 branch of the dungeon, and saw 2 of its levels.

You collected 45 gold pieces.

You aren't carrying anything.


   Skills:
 * Level 1.4 Fighting
 - Level 2.0 Dodging
 + Level 3.7 Unarmed Combat
 * Level 2.6 Spellcasting
 * Level 2.6 Transmutations
 * Level 0.2 Poison Magic


You had 2 spell levels left.
You knew the following spells:

 Your Spells              Type           Power      Damage    Failure   Level
a - Beastly Appendage     Tmut           22%        N/A       6%          1
b - Wereblood             Tmut           11%        N/A       9%          2
c - Spider Form           Tmut/Pois      7%         N/A       30%         3

Your spell library contained the following spells:

 Spells                   Type           Power      Damage    Failure   Level
 Ice Form                 Ice/Tmut       6%         N/A       71%         4


Dungeon Overview and Level Annotations

Branches:
Dungeon (2/15)

Altars:
Nemelex Xobeh

Annotations:
D:2 Sigmund


Innate Abilities, Weirdness & Mutations

You cannot wear most types of armour.
You are amphibious.
You can wear up to eight rings at the same time.
Your skin changes colour to match your surroundings (Stealth+).
Your rubbery body absorbs attacks. (AC +1, EV +1)
((You are camouflaged near water. (Stealth+)))
You have tentacles for arms and can constrict up to eight enemies at once.


Message History

A quokka comes into view.
Sigmund mumbles some strange words.
Sigmund flickers and vanishes!
Deactivating autopickup; reactivate with Ctrl-A.
A quokka is nearby!
Unknown command.
Casting: Beastly Appendage (safe; 6% risk of failure)
Confirm with . or Enter, or press ? or * to list all spells.
The spell is extremely dangerous to miscast (30% risk of failure)!
Continue anyway?
You turn into a venomous arachnid creature.
Something closely misses you.
Unknown command.
A giant cockroach comes into view.
Something hits you but does no damage.
The giant cockroach moves out of view.
Unknown command.
Something hits you!
You miss something. Something hits you.
You hit something but do no damage. You closely miss something.
Something hits you!
* * * LOW HITPOINT WARNING * * *
You hit something but do no damage. You closely miss something.
Something barely misses you.
Unknown command.
You aren't carrying any potions.
Something closely misses you.
Your transformation is almost over.
Your transformation has ended.
You see here a bat corpse.
Sigmund appears from thin air!
Reactivating autopickup.
Sigmund gestures at you while chanting.
You are confused.
Unknown command.
You bump into the rock wall.
Unknown command.
Unknown command.
You bump into the crystal wall.
Sigmund gestures at you while chanting. The magic dart hits you!
You die...

#####.###.#######...
#.....# #†#.......#
#B##### #..#B######
## #.# ##.###.## ..
#.### ##.##
##.#####.# ....#
#.## ##B.....#
##.#.###.##
##.@###..# ##
.###.###.....#..#
.###......@....####
##...#####........
#..##.....##.#...
#..#..<.#..# ..
#..#.......# ..
#.###....#._.<.# #.
#......#.......# #.
#####).#..<.#..# #.
#..##.....## #.


You could see Sigmund and a giant cockroach.

Vanquished Creatures
  An adder (D:2)
  A dart slug (D:1)
  9 bats
  7 endoplasms
  4 goblins
  6 hobgoblins
  5 kobolds
  A quokka (D:1)
  5 ball pythons
  3 frilled lizards
  7 rats
49 creatures vanquished.

Notes
Turn   | Place    | Note
-------+----------+-------------------------------------------
     0 | D:1      | ytrimaz the Octopode Transmuter began the quest for the
                  | Orb.
     0 | D:1      | Reached XP level 1. HP: 13/13 MP: 3/3
   321 | D:1      | Reached XP level 2. HP: 18/18 MP: 3/5
   621 | D:1      | Learned a level 2 spell: Wereblood
   894 | D:1      | Reached XP level 3. HP: 17/23 MP: 6/6
   898 | D:1      | Learned a level 3 spell: Spider Form
  1837 | D:2      | Found a sparkling altar of Nemelex Xobeh.
  2034 | D:2      | Reached XP level 4. HP: 10/28 MP: 7/7
  2041 | D:2      | HP: 1/28 [kobold (3)]
  2335 | D:2      | Found a faded altar of an unknown god.
  2385 | D:2      | Noticed Sigmund
  2423 | D:2      | Killed from afar by Sigmund

Illustrated notes

Levels and vault maps discovered:
D:1:      tarquinn_simple_flora_water_a, layout_basic, grunt_decor_one_mirror,
          patterned_corridor
D:2:      layout_loops_ring, basic_altar, nicolae_ecumenical_pavilion,
          grunt_decor_arrowhead, uniq_sigmund

Action                   |  1- 3 |  4- 6 || total
-------------------------+-------+-------++-------
Melee: Unarmed           |   110 |    18 ||   128
       Constrict         |    26 |     2 ||    28
       Kick              |     9 |       ||     9
       Tentacles         |    14 |     2 ||    16
       Punch             |       |     2 ||     2
 Cast: Beastly Appendage |    12 |       ||    12
       Spider Form       |       |     1 ||     1
  Use: Scroll            |     4 |       ||     4
       Potion            |     1 |       ||     1
 Stab: Sleeping          |     9 |       ||     9
Armor: Skin              |    19 |     2 ||    21
Dodge: Dodged            |    79 |    11 ||    90

Table legend: (Time is in decaauts)
 A = Elapsed time spent in this place.
 B = Non-inter-level travel time spent in this place.
 C = Inter-level travel time spent in this place.
 D = Time resting spent in this place.
 E = Time spent auto-exploring this place.
 F = Levels seen in this place.
 G = Mean time per level.
                   A        B        C        D        E       F      G
               +--------+--------+--------+--------+--------+-----+--------+
         Total |   2414 |   2386 |     28 |    326 |   1693 |   2 | 1207.0 |
       Dungeon |   2414 |   2386 |     28 |    326 |   1693 |   2 | 1207.0 |
               +--------+--------+--------+--------+--------+-----+--------+

Top non-repeatable levels by time:
     D:1: 1736 daAuts
     D:2: 678 daAuts
